[ AOE2 MATCH · #499495385 ]
UnrankedMongols vs Maya
[ REPLAY ANALYSIS · EXTRACTED FROM THE RECORDED GAME ]
Feudal
9:25
Castle
22:28
Imperial
—
| APM avg | 49.0 |
| APM peak | 101 |
| eAPM avg | 22.3 |
| Villagers / military | 101 / 62 |
Focus
⚔️ 26.9% · 🌾 73.1%
Archer ×56 · Battering Ram ×3 · Spearman ×2 · Mangonel ×1
Feudal
11:32
Castle
25:32
Imperial
—
| APM avg | 17.0 |
| APM peak | 58 |
| eAPM avg | 7.7 |
| Villagers / military | 44 / 43 |
Focus
⚔️ 31.9% · 🌾 68.1%
Archer ×41 · Spearman ×2
Feudal
9:07
Castle
22:56
Imperial
—
| APM avg | 32.5 |
| APM peak | 72 |
| eAPM avg | 14.8 |
| Villagers / military | 120 / 65 |
Focus
⚔️ 34.0% · 🌾 66.0%
Cavalry Archer ×30 · Archer ×11 · Knight ×10 · Scout Cavalry ×10 · Monk ×4
Feudal
9:48
Castle
—
Imperial
—
| APM avg | 28.8 |
| APM peak | 118 |
| eAPM avg | 10.5 |
| Villagers / military | 71 / 11 |
Focus
⚔️ 25.7% · 🌾 74.3%
Scout Cavalry ×8 · Spearman ×3
Feudal
9:16
Castle
23:58
Imperial
38:47
| APM avg | 39.6 |
| APM peak | 75 |
| eAPM avg | 20.0 |
| Villagers / military | 100 / 83 |
Focus
⚔️ 30.6% · 🌾 69.4%
Knight ×70 · Scout Cavalry ×11 · Spearman ×2
Feudal
10:09
Castle
—
Imperial
—
| APM avg | 24.9 |
| APM peak | 64 |
| eAPM avg | 12.9 |
| Villagers / military | 57 / 7 |
Focus
⚔️ 27.2% · 🌾 72.8%
Unknown (2550) ×21 · Spearman ×7
Match map
Initial resources + every placement click. Lines = walls · curves = elevation contours. ◆ gold · ⬟ stone · ● berries · ✦ relic · ◌ wall gap
Your base· ✓ Closed at 22:28 · 51t walls · 2 gate(s)
SeñorLeyenda#561's base· Open — 2t gap
LMG_Leonardo's base· ✓ Closed at 22:56 · 54t walls · no gate
[WWW - KT] Er MaRdiTho!'s base· Open — unwalled flank
LMG_SON SABANDIJAS's base· Open — 1t gap
[DM] lFireBlack's base· Open — unwalled flank
Smoothed initial terrain · ◌ = detected wall gap · hover for details
Inputs per minute
— LMG_HERA DE TEMU - - SeñorLeyenda#561
Build order — LMG_HERA DE TEMU
First 150 of 272 actions detected
| 0:01 | Queue | Villager (Male) |
| 0:01 | Queue | Villager (Male) |
| 0:01 | Queue | Villager (Male) |
| 0:02 | Queue | Villager (Male) |
| 0:02 | Queue | Villager (Male) |
| 0:03 | Build | House |
| 0:05 | Build | House |
| 1:35 | Queue | Villager (Male) |
| 1:35 | Queue | Villager (Male) |
| 1:35 | Queue | Villager (Male) |
| 1:45 | Queue | Villager (Male) |
| 1:45 | Queue | Villager (Male) |
| 1:45 | Queue | Villager (Male) |
| 1:52 | Build | Lumber Camp |
| 2:36 | Queue | Villager (Male) |
| 2:36 | Queue | Villager (Male) |
| 2:36 | Queue | Villager (Male) |
| 2:38 | Queue | Villager (Male) |
| 2:38 | Queue | Villager (Male) |
| 2:38 | Queue | Villager (Male) |
| 2:57 | Queue | Villager (Male) |
| 2:57 | Queue | Villager (Male) |
| 2:57 | Queue | Villager (Male) |
| 3:24 | Queue | Villager (Male) |
| 3:24 | Queue | Villager (Male) |
| 3:24 | Queue | Villager (Male) |
| 3:51 | Build | House |
| 3:53 | Build | House |
| 4:07 | Queue | Villager (Male) |
| 4:08 | Queue | Villager (Male) |
| 4:08 | Queue | Villager (Male) |
| 4:29 | Build | Mill |
| 4:36 | Queue | Villager (Male) |
| 4:37 | Queue | Villager (Male) |
| 4:37 | Queue | Villager (Male) |
| 4:57 | Queue | Villager (Male) |
| 6:23 | Queue | Villager (Male) |
| 6:50 | Research | Loom |
| 7:00 | Research | Feudal Age |
| 7:04 | Build | Mining Camp |
| 8:15 | Build | Barracks |
| 8:44 | Queue | Villager (Male) |
| 8:44 | Queue | Villager (Male) |
| 9:25 | Age | Feudal Age |
| 9:25 | Build | Palisade Gate |
| 9:28 | Build | Archery Range |
| 9:37 | Build | Palisade Wall |
| 9:41 | Research | Double-Bit Axe |
| 9:51 | Build | Palisade Wall |
| 10:05 | Build | Palisade Gate |
| 10:10 | Build | Palisade Wall |
| 10:12 | Queue | Archer |
| 10:13 | Queue | Archer |
| 10:13 | Queue | Archer |
| 10:13 | Queue | Archer |
| 10:17 | Queue | Villager (Male) |
| 10:17 | Queue | Villager (Male) |
| 10:17 | Queue | Villager (Male) |
| 10:50 | Build | House |
| 10:52 | Build | House |
| 10:57 | Build | House |
| 11:13 | Build | House |
| 11:17 | Build | House |
| 11:21 | Queue | Villager (Male) |
| 11:21 | Queue | Villager (Male) |
| 11:22 | Queue | Villager (Male) |
| 11:31 | Build | Palisade Wall |
| 11:40 | Build | Palisade Gate |
| 11:44 | Build | Palisade Wall |
| 11:50 | Queue | Archer |
| 11:50 | Queue | Archer |
| 11:59 | Build | Mill |
| 12:05 | Build | Palisade Wall |
| 12:14 | Build | Farm |
| 12:15 | Build | Farm |
| 12:16 | Build | Farm |
| 12:33 | Build | Lumber Camp |
| 12:47 | Queue | Archer |
| 12:47 | Queue | Archer |
| 12:55 | Build | Farm |
| 13:09 | Build | Farm |
| 13:09 | Queue | Villager (Male) |
| 13:09 | Queue | Villager (Male) |
| 13:10 | Queue | Villager (Male) |
| 13:43 | Queue | Villager (Male) |
| 13:43 | Queue | Villager (Male) |
| 13:46 | Build | Farm |
| 13:47 | Build | Farm |
| 13:49 | Build | Farm |
| 13:51 | Queue | Archer |
| 13:52 | Queue | Archer |
| 13:52 | Queue | Archer |
| 14:17 | Queue | Spearman |
| 14:24 | Queue | Villager (Male) |
| 14:24 | Queue | Villager (Male) |
| 14:24 | Queue | Villager (Male) |
| 14:27 | Build | Farm |
| 14:28 | Build | Farm |
| 15:07 | Queue | Villager (Male) |
| 15:07 | Queue | Villager (Male) |
| 15:07 | Queue | Villager (Male) |
| 15:10 | Build | Farm |
| 15:11 | Build | Farm |
| 15:12 | Build | Farm |
| 15:39 | Queue | Villager (Male) |
| 15:39 | Queue | Villager (Male) |
| 15:48 | Queue | Archer |
| 15:48 | Queue | Archer |
| 15:49 | Queue | Archer |
| 15:51 | Queue | Spearman |
| 16:47 | Queue | Villager (Male) |
| 16:47 | Queue | Villager (Male) |
| 16:47 | Queue | Villager (Male) |
| 16:54 | Build | Blacksmith |
| 16:59 | Build | Farm |
| 17:42 | Queue | Archer |
| 17:42 | Queue | Archer |
| 17:42 | Queue | Archer |
| 17:51 | Build | Archery Range |
| 17:59 | Queue | Villager (Male) |
| 17:59 | Queue | Villager (Male) |
| 17:59 | Queue | Villager (Male) |
| 18:10 | Build | Farm |
| 18:14 | Build | Farm |
| 18:15 | Build | Farm |
| 18:36 | Build | House |
| 18:39 | Build | House |
| 18:44 | Build | House |
| 18:45 | Build | House |
| 18:51 | Build | House |
| 18:52 | Build | House |
| 18:56 | Build | House |
| 19:12 | Queue | Archer |
| 19:12 | Queue | Archer |
| 19:12 | Queue | Archer |
| 19:23 | Build | House |
| 19:48 | Research | Castle Age |
| 19:48 | Research | Castle Age |
| 19:49 | Research | Castle Age |
| 19:52 | Queue | Archer |
| 19:52 | Queue | Archer |
| 19:52 | Queue | Archer |
| 20:19 | Research | Fletching |
| 20:25 | Build | House |
| 20:31 | Build | House |
| 20:32 | Build | House |
| 20:36 | Queue | Archer |
| 20:36 | Queue | Archer |
| 20:36 | Queue | Archer |
| 20:36 | Queue | Archer |
Build order — SeñorLeyenda#561
136 actions detected in the replay
| 0:03 | Research | Loom |
| 0:03 | Queue | Villager (Male) |
| 0:03 | Queue | Villager (Male) |
| 0:05 | Build | House |
| 0:06 | Build | House |
| 0:08 | Build | House |
| 0:36 | Queue | Villager (Male) |
| 0:37 | Queue | Villager (Male) |
| 1:41 | Queue | Villager (Male) |
| 1:42 | Queue | Villager (Male) |
| 1:42 | Queue | Villager (Male) |
| 2:10 | Queue | Villager (Male) |
| 2:10 | Queue | Villager (Male) |
| 2:20 | Queue | Villager (Male) |
| 2:21 | Queue | Villager (Male) |
| 3:06 | Queue | Villager (Male) |
| 3:06 | Queue | Villager (Male) |
| 3:06 | Queue | Villager (Male) |
| 3:20 | Queue | Villager (Male) |
| 3:21 | Queue | Villager (Male) |
| 3:46 | Build | Lumber Camp |
| 3:52 | Queue | Villager (Male) |
| 4:36 | Queue | Villager (Male) |
| 4:37 | Queue | Villager (Male) |
| 4:37 | Queue | Villager (Male) |
| 5:17 | Queue | Villager (Male) |
| 5:18 | Queue | Villager (Male) |
| 5:30 | Build | Mill |
| 5:43 | Build | House |
| 5:44 | Build | House |
| 5:50 | Queue | Villager (Male) |
| 5:50 | Queue | Villager (Male) |
| 6:04 | Queue | Villager (Male) |
| 6:04 | Queue | Villager (Male) |
| 6:39 | Build | Palisade Wall |
| 6:46 | Build | Palisade Wall |
| 6:48 | Build | Palisade Wall |
| 6:52 | Build | Palisade Wall |
| 6:54 | Queue | Villager (Male) |
| 7:26 | Queue | Villager (Male) |
| 7:39 | Queue | Villager (Male) |
| 8:21 | Queue | Villager (Male) |
| 8:51 | Build | Palisade Wall |
| 8:57 | Queue | Villager (Male) |
| 9:21 | Research | Feudal Age |
| 9:21 | Research | Feudal Age |
| 9:36 | Build | Barracks |
| 10:02 | Build | Mining Camp |
| 11:32 | Age | Feudal Age |
| 11:33 | Queue | Spearman |
| 11:33 | Queue | Spearman |
| 11:37 | Build | Archery Range |
| 11:40 | Build | Blacksmith |
| 11:43 | Queue | Villager (Male) |
| 11:44 | Queue | Villager (Male) |
| 12:30 | Build | Archery Range |
| 12:32 | Queue | Archer |
| 12:51 | Build | House |
| 12:53 | Queue | Archer |
| 12:55 | Queue | Villager (Male) |
| 12:55 | Queue | Villager (Male) |
| 12:56 | Queue | Villager (Male) |
| 12:59 | Research | Fletching |
| 13:32 | Build | Farm |
| 13:33 | Build | Farm |
| 13:55 | Build | Watch Tower |
| 13:58 | Queue | Archer |
| 13:59 | Queue | Archer |
| 13:59 | Queue | Archer |
| 13:59 | Queue | Archer |
| 14:20 | Build | Farm |
| 14:21 | Queue | Archer |
| 14:39 | Build | House |
| 14:40 | Build | House |
| 15:18 | Research | Padded Archer Armor |
| 15:20 | Queue | Villager (Male) |
| 15:20 | Queue | Villager (Male) |
| 15:20 | Queue | Villager (Male) |
| 15:21 | Queue | Villager (Male) |
| 15:26 | Build | Farm |
| 15:28 | Build | House |
| 15:47 | Queue | Archer |
| 15:47 | Queue | Archer |
| 15:47 | Queue | Archer |
| 15:54 | Build | Farm |
| 16:03 | Queue | Archer |
| 16:04 | Queue | Archer |
| 16:25 | Build | Farm |
| 16:27 | Queue | Villager (Male) |
| 16:30 | Queue | Archer |
| 16:30 | Queue | Archer |
| 16:50 | Queue | Archer |
| 16:51 | Queue | Archer |
| 16:51 | Queue | Archer |
| 17:03 | Queue | Villager (Male) |
| 17:13 | Queue | Archer |
| 17:14 | Queue | Archer |
| 17:19 | Build | Farm |
| 17:33 | Queue | Archer |
| 17:33 | Queue | Archer |
| 18:09 | Queue | Archer |
| 18:10 | Queue | Archer |
| 18:28 | Build | House |
| 18:29 | Build | House |
| 18:46 | Build | Farm |
| 18:47 | Build | Farm |
| 18:51 | Build | Archery Range |
| 19:11 | Build | House |
| 19:17 | Queue | Archer |
| 19:17 | Queue | Archer |
| 19:17 | Queue | Archer |
| 19:18 | Queue | Archer |
| 19:23 | Queue | Villager (Male) |
| 19:23 | Queue | Villager (Male) |
| 20:03 | Build | House |
| 20:04 | Build | House |
| 20:20 | Queue | Archer |
| 20:20 | Queue | Archer |
| 20:20 | Queue | Archer |
| 20:21 | Queue | Archer |
| 20:21 | Queue | Archer |
| 20:21 | Queue | Archer |
| 20:22 | Queue | Archer |
| 20:48 | Queue | Archer |
| 20:49 | Queue | Archer |
| 20:49 | Queue | Archer |
| 21:30 | Queue | Archer |
| 21:31 | Queue | Archer |
| 21:31 | Queue | Archer |
| 21:31 | Queue | Archer |
| 22:52 | Research | Castle Age |
| 25:32 | Age | Castle Age |
| 25:58 | Build | Mining Camp |
| 26:19 | Research | Crossbowman (upgrade) |
| 26:20 | Research | Thumb Ring |
| 33:47 | Research | Double-Bit Axe |
Build order — LMG_Leonardo
First 150 of 321 actions detected
| 0:01 | Queue | Villager (Male) |
| 0:01 | Queue | Villager (Male) |
| 0:01 | Queue | Villager (Male) |
| 0:01 | Queue | Villager (Male) |
| 0:02 | Build | House |
| 0:04 | Build | House |
| 1:37 | Queue | Villager (Male) |
| 1:57 | Build | Lumber Camp |
| 2:03 | Queue | Villager (Male) |
| 2:03 | Queue | Villager (Male) |
| 2:16 | Queue | Villager (Male) |
| 2:48 | Queue | Villager (Male) |
| 2:48 | Queue | Villager (Male) |
| 3:01 | Build | House |
| 3:18 | Queue | Villager (Male) |
| 3:19 | Queue | Villager (Male) |
| 3:19 | Queue | Villager (Male) |
| 3:45 | Queue | Villager (Male) |
| 3:46 | Queue | Villager (Male) |
| 4:18 | Queue | Villager (Male) |
| 4:19 | Queue | Villager (Male) |
| 4:26 | Build | Mill |
| 4:48 | Queue | Villager (Male) |
| 4:48 | Queue | Villager (Male) |
| 5:32 | Queue | Villager (Male) |
| 5:34 | Research | Loom |
| 6:08 | Build | House |
| 6:57 | Research | Feudal Age |
| 7:54 | Build | Barracks |
| 8:26 | Queue | Villager (Male) |
| 9:07 | Age | Feudal Age |
| 9:08 | Build | Stable |
| 9:12 | Build | Palisade Wall |
| 9:18 | Research | Double-Bit Axe |
| 9:25 | Queue | Villager (Male) |
| 9:49 | Build | Palisade Wall |
| 9:59 | Queue | Scout Cavalry |
| 9:59 | Queue | Scout Cavalry |
| 10:05 | Build | Farm |
| 10:06 | Build | Farm |
| 10:18 | Build | Palisade Wall |
| 10:24 | Build | Palisade Wall |
| 10:26 | Queue | Villager (Male) |
| 10:26 | Queue | Villager (Male) |
| 10:30 | Queue | Scout Cavalry |
| 10:40 | Build | Palisade Wall |
| 10:42 | Build | Palisade Wall |
| 10:45 | Queue | Villager (Male) |
| 10:59 | Build | Farm |
| 11:01 | Build | Farm |
| 11:17 | Build | House |
| 11:31 | Queue | Villager (Male) |
| 11:41 | Build | House |
| 11:44 | Queue | Villager (Male) |
| 12:12 | Build | Blacksmith |
| 12:15 | Queue | Villager (Male) |
| 12:23 | Build | House |
| 12:25 | Build | House |
| 12:28 | Queue | Scout Cavalry |
| 12:28 | Queue | Scout Cavalry |
| 12:33 | Build | Farm |
| 12:47 | Build | Palisade Wall |
| 12:54 | Research | Horse Collar |
| 12:55 | Queue | Villager (Male) |
| 13:19 | Queue | Villager (Male) |
| 13:26 | Build | House |
| 13:27 | Build | House |
| 13:33 | Queue | Villager (Male) |
| 13:33 | Queue | Villager (Male) |
| 13:33 | Queue | Villager (Male) |
| 13:48 | Build | Farm |
| 14:23 | Queue | Villager (Male) |
| 14:49 | Queue | Villager (Male) |
| 14:50 | Queue | Villager (Male) |
| 14:53 | Build | Farm |
| 14:53 | Build | Farm |
| 14:58 | Build | Mining Camp |
| 15:06 | Build | Palisade Wall |
| 15:07 | Build | Palisade Wall |
| 15:23 | Queue | Villager (Male) |
| 15:48 | Queue | Villager (Male) |
| 15:48 | Queue | Villager (Male) |
| 16:44 | Queue | Villager (Male) |
| 16:45 | Queue | Villager (Male) |
| 17:00 | Build | Lumber Camp |
| 17:29 | Build | Archery Range |
| 17:44 | Queue | Villager (Male) |
| 17:45 | Queue | Villager (Male) |
| 17:49 | Build | Archery Range |
| 17:58 | Build | Farm |
| 17:59 | Build | Farm |
| 17:59 | Build | Farm |
| 18:02 | Build | Farm |
| 18:08 | Build | Farm |
| 18:43 | Build | Farm |
| 18:44 | Queue | Villager (Male) |
| 18:48 | Build | Archery Range |
| 18:57 | Build | Farm |
| 19:26 | Queue | Villager (Male) |
| 19:27 | Queue | Villager (Male) |
| 19:53 | Research | Castle Age |
| 20:30 | Research | Fletching |
| 20:44 | Build | House |
| 20:45 | Build | House |
| 20:47 | Build | House |
| 20:48 | Build | House |
| 21:05 | Research | Padded Archer Armor |
| 21:22 | Queue | Archer |
| 21:22 | Queue | Archer |
| 21:22 | Queue | Archer |
| 21:22 | Queue | Archer |
| 21:23 | Queue | Archer |
| 21:23 | Queue | Archer |
| 21:23 | Queue | Archer |
| 21:23 | Queue | Archer |
| 21:23 | Queue | Archer |
| 22:10 | Queue | Archer |
| 22:11 | Queue | Archer |
| 22:56 | Age | Castle Age |
| 23:10 | Research | Bodkin Arrow |
| 23:11 | Research | Leather Archer Armor |
| 23:28 | Queue | Villager (Male) |
| 23:28 | Queue | Villager (Male) |
| 23:28 | Queue | Villager (Male) |
| 23:33 | Build | Farm |
| 23:33 | Build | Farm |
| 23:33 | Build | Farm |
| 23:34 | Build | Farm |
| 23:34 | Build | Farm |
| 23:37 | Build | Town Center |
| 23:57 | Queue | Villager (Male) |
| 24:01 | Build | Farm |
| 24:36 | Queue | Villager (Male) |
| 24:36 | Queue | Villager (Male) |
| 24:41 | Research | Crossbowman (upgrade) |
| 25:30 | Queue | Villager (Male) |
| 25:30 | Queue | Villager (Male) |
| 25:34 | Queue | Villager (Male) |
| 25:39 | Queue | Cavalry Archer |
| 25:39 | Queue | Cavalry Archer |
| 25:39 | Queue | Cavalry Archer |
| 25:40 | Queue | Cavalry Archer |
| 25:46 | Build | Town Center |
| 25:55 | Queue | Cavalry Archer |
| 25:55 | Queue | Cavalry Archer |
| 26:00 | Build | Farm |
| 26:00 | Build | Farm |
| 26:00 | Build | Farm |
| 26:01 | Build | Farm |
| 26:06 | Build | Farm |
Build order — [WWW - KT] Er MaRdiTho!
First 150 of 153 actions detected
| 0:00 | Queue | Villager (Male) |
| 0:00 | Queue | Villager (Male) |
| 0:00 | Queue | Villager (Male) |
| 0:01 | Queue | Villager (Male) |
| 0:02 | Build | House |
| 0:04 | Build | House |
| 1:47 | Build | Lumber Camp |
| 1:48 | Queue | Villager (Male) |
| 1:48 | Queue | Villager (Male) |
| 1:48 | Queue | Villager (Male) |
| 2:17 | Queue | Villager (Male) |
| 2:17 | Queue | Villager (Male) |
| 2:17 | Queue | Villager (Male) |
| 2:45 | Queue | Villager (Male) |
| 2:45 | Queue | Villager (Male) |
| 2:45 | Queue | Villager (Male) |
| 2:45 | Queue | Villager (Male) |
| 2:45 | Queue | Villager (Male) |
| 3:17 | Research | Double-Bit Axe |
| 3:36 | Queue | Villager (Male) |
| 3:36 | Queue | Villager (Male) |
| 3:36 | Queue | Villager (Male) |
| 3:36 | Queue | Villager (Male) |
| 3:44 | Build | House |
| 3:59 | Queue | Villager (Male) |
| 3:59 | Queue | Villager (Male) |
| 4:22 | Queue | Villager (Male) |
| 4:22 | Queue | Villager (Male) |
| 4:22 | Queue | Villager (Male) |
| 4:22 | Queue | Villager (Male) |
| 4:22 | Queue | Villager (Male) |
| 4:53 | Queue | Villager (Male) |
| 4:53 | Queue | Villager (Male) |
| 4:53 | Queue | Villager (Male) |
| 4:53 | Queue | Villager (Male) |
| 4:53 | Queue | Villager (Male) |
| 4:53 | Queue | Villager (Male) |
| 5:29 | Build | Mill |
| 5:47 | Queue | Villager (Male) |
| 5:47 | Queue | Villager (Male) |
| 6:10 | Research | Loom |
| 7:05 | Queue | Villager (Male) |
| 7:05 | Queue | Villager (Male) |
| 7:10 | Queue | Villager (Male) |
| 7:10 | Queue | Villager (Male) |
| 7:38 | Research | Feudal Age |
| 8:20 | Build | House |
| 8:26 | Build | Barracks |
| 8:29 | Build | Palisade Wall |
| 8:56 | Queue | Villager (Male) |
| 9:26 | Build | Palisade Wall |
| 9:32 | Build | Palisade Wall |
| 9:33 | Build | Palisade Wall |
| 9:48 | Age | Feudal Age |
| 9:50 | Build | Stable |
| 9:56 | Research | Bow Saw |
| 10:05 | Build | Palisade Wall |
| 10:07 | Build | Palisade Wall |
| 10:08 | Build | Palisade Wall |
| 10:09 | Build | Palisade Wall |
| 10:11 | Build | Palisade Wall |
| 10:27 | Queue | Villager (Male) |
| 10:27 | Queue | Villager (Male) |
| 10:38 | Build | Mill |
| 10:39 | Queue | Scout Cavalry |
| 10:39 | Queue | Scout Cavalry |
| 10:48 | Build | Farm |
| 10:51 | Build | Farm |
| 11:04 | Queue | Villager (Male) |
| 11:04 | Queue | Villager (Male) |
| 11:30 | Build | Farm |
| 11:35 | Build | Farm |
| 11:38 | Research | Horse Collar |
| 12:10 | Queue | Scout Cavalry |
| 12:11 | Queue | Scout Cavalry |
| 12:14 | Build | House |
| 12:16 | Build | House |
| 12:19 | Build | House |
| 12:24 | Queue | Spearman |
| 13:00 | Queue | Villager (Male) |
| 13:00 | Queue | Villager (Male) |
| 13:06 | Build | Stable |
| 13:08 | Build | House |
| 13:09 | Build | House |
| 13:32 | Build | Farm |
| 13:38 | Build | Farm |
| 13:39 | Queue | Villager (Male) |
| 13:39 | Queue | Villager (Male) |
| 13:40 | Queue | Villager (Male) |
| 13:40 | Queue | Villager (Male) |
| 13:47 | Build | Blacksmith |
| 13:55 | Build | Palisade Wall |
| 13:57 | Build | Farm |
| 13:58 | Queue | Villager (Male) |
| 13:58 | Queue | Villager (Male) |
| 14:09 | Build | Farm |
| 14:18 | Queue | Scout Cavalry |
| 14:18 | Queue | Scout Cavalry |
| 14:43 | Queue | Scout Cavalry |
| 14:43 | Queue | Scout Cavalry |
| 14:53 | Build | House |
| 14:56 | Build | Palisade Wall |
| 15:01 | Queue | Villager (Male) |
| 15:01 | Queue | Villager (Male) |
| 15:01 | Queue | Villager (Male) |
| 15:11 | Build | Farm |
| 15:13 | Build | Farm |
| 15:13 | Queue | Villager (Male) |
| 15:13 | Queue | Villager (Male) |
| 15:13 | Queue | Villager (Male) |
| 16:24 | Build | Farm |
| 17:23 | Queue | Villager (Male) |
| 17:23 | Queue | Villager (Male) |
| 17:29 | Build | House |
| 17:32 | Build | House |
| 18:11 | Build | Farm |
| 18:13 | Build | Farm |
| 18:21 | Build | Palisade Wall |
| 18:35 | Build | Market |
| 18:37 | Queue | Villager (Male) |
| 18:37 | Queue | Villager (Male) |
| 18:37 | Queue | Villager (Male) |
| 18:43 | Build | Mining Camp |
| 18:47 | Queue | Villager (Male) |
| 18:47 | Queue | Villager (Male) |
| 19:15 | Build | House |
| 19:17 | Build | Palisade Wall |
| 19:28 | Build | House |
| 19:36 | Build | House |
| 19:41 | Build | House |
| 19:43 | Queue | Villager (Male) |
| 19:43 | Queue | Villager (Male) |
| 20:03 | Queue | Villager (Male) |
| 20:03 | Queue | Villager (Male) |
| 20:04 | Research | Gold Mining |
| 20:05 | Queue | Villager (Male) |
| 20:05 | Queue | Villager (Male) |
| 20:05 | Queue | Villager (Male) |
| 20:11 | Research | Fletching |
| 20:19 | Build | Lumber Camp |
| 20:53 | Build | Palisade Wall |
| 20:54 | Build | Palisade Wall |
| 20:55 | Build | Palisade Wall |
| 20:57 | Queue | Spearman |
| 20:57 | Queue | Spearman |
| 21:08 | Build | House |
| 21:12 | Build | Palisade Wall |
| 21:13 | Build | Palisade Wall |
| 21:14 | Build | Palisade Wall |
| 21:16 | Build | Palisade Wall |
Build order — LMG_SON SABANDIJAS
First 150 of 298 actions detected
| 0:01 | Queue | Villager (Male) |
| 0:01 | Queue | Villager (Male) |
| 0:02 | Build | House |
| 0:03 | Queue | Villager (Male) |
| 0:03 | Queue | Villager (Male) |
| 0:04 | Build | House |
| 1:12 | Queue | Villager (Male) |
| 1:47 | Build | Lumber Camp |
| 1:53 | Queue | Villager (Male) |
| 1:53 | Queue | Villager (Male) |
| 2:17 | Queue | Villager (Male) |
| 2:17 | Queue | Villager (Male) |
| 2:42 | Queue | Villager (Male) |
| 2:42 | Queue | Villager (Male) |
| 2:55 | Queue | Villager (Male) |
| 2:55 | Queue | Villager (Male) |
| 2:55 | Queue | Villager (Male) |
| 3:26 | Build | House |
| 3:31 | Queue | Villager (Male) |
| 3:32 | Queue | Villager (Male) |
| 3:32 | Queue | Villager (Male) |
| 3:54 | Queue | Villager (Male) |
| 3:55 | Queue | Villager (Male) |
| 3:55 | Queue | Villager (Male) |
| 4:18 | Queue | Villager (Male) |
| 4:19 | Queue | Villager (Male) |
| 4:31 | Queue | Villager (Male) |
| 4:32 | Queue | Villager (Male) |
| 4:58 | Queue | Villager (Male) |
| 5:05 | Build | Mill |
| 5:19 | Queue | Villager (Male) |
| 5:20 | Queue | Villager (Male) |
| 5:24 | Research | Loom |
| 7:06 | Research | Feudal Age |
| 7:21 | Queue | Villager (Male) |
| 7:22 | Queue | Villager (Male) |
| 7:59 | Build | House |
| 8:10 | Build | Barracks |
| 8:39 | Queue | Villager (Male) |
| 9:16 | Age | Feudal Age |
| 9:19 | Build | Stable |
| 9:23 | Build | Palisade Gate |
| 9:39 | Research | Double-Bit Axe |
| 9:40 | Research | Double-Bit Axe |
| 9:47 | Queue | Villager (Male) |
| 9:58 | Build | House |
| 10:04 | Queue | Scout Cavalry |
| 10:04 | Queue | Scout Cavalry |
| 10:04 | Queue | Scout Cavalry |
| 10:10 | Build | Farm |
| 10:18 | Build | House |
| 10:21 | Build | Palisade Wall |
| 10:42 | Build | Farm |
| 10:50 | Queue | Villager (Male) |
| 10:50 | Queue | Villager (Male) |
| 10:50 | Queue | Villager (Male) |
| 10:57 | Build | House |
| 11:13 | Build | Farm |
| 11:13 | Build | Farm |
| 11:13 | Build | Farm |
| 11:14 | Build | Farm |
| 11:21 | Queue | Villager (Male) |
| 11:21 | Queue | Villager (Male) |
| 11:22 | Queue | Villager (Male) |
| 11:30 | Build | House |
| 11:34 | Build | Farm |
| 11:51 | Queue | Villager (Male) |
| 11:51 | Queue | Villager (Male) |
| 11:51 | Queue | Villager (Male) |
| 11:59 | Queue | Villager (Male) |
| 12:01 | Build | House |
| 12:05 | Build | Farm |
| 12:06 | Build | Farm |
| 12:10 | Queue | Villager (Male) |
| 12:10 | Queue | Villager (Male) |
| 12:16 | Queue | Scout Cavalry |
| 12:16 | Queue | Scout Cavalry |
| 12:17 | Queue | Villager (Male) |
| 12:18 | Queue | Villager (Male) |
| 12:37 | Build | Palisade Wall |
| 12:52 | Queue | Villager (Male) |
| 12:53 | Queue | Villager (Male) |
| 12:57 | Build | Farm |
| 13:02 | Queue | Villager (Male) |
| 13:08 | Queue | Villager (Male) |
| 13:56 | Queue | Scout Cavalry |
| 13:57 | Queue | Scout Cavalry |
| 14:36 | Queue | Scout Cavalry |
| 14:36 | Queue | Scout Cavalry |
| 14:37 | Queue | Villager (Male) |
| 14:37 | Queue | Villager (Male) |
| 14:38 | Queue | Villager (Male) |
| 14:41 | Build | Blacksmith |
| 14:50 | Queue | Villager (Male) |
| 14:51 | Queue | Villager (Male) |
| 14:54 | Build | House |
| 14:57 | Build | Palisade Wall |
| 15:02 | Build | Palisade Wall |
| 15:27 | Research | Forging |
| 15:27 | Research | Forging |
| 15:32 | Build | Mining Camp |
| 15:36 | Build | House |
| 15:50 | Queue | Villager (Male) |
| 15:56 | Build | House |
| 15:58 | Build | Palisade Wall |
| 16:02 | Build | Farm |
| 16:02 | Build | Farm |
| 16:02 | Build | Farm |
| 16:02 | Build | Farm |
| 16:05 | Queue | Villager (Male) |
| 16:06 | Queue | Villager (Male) |
| 16:14 | Queue | Villager (Male) |
| 16:18 | Research | Scale Barding Armor |
| 16:19 | Queue | Villager (Male) |
| 16:20 | Queue | Villager (Male) |
| 16:42 | Queue | Villager (Male) |
| 16:45 | Build | Farm |
| 16:46 | Build | Farm |
| 16:46 | Build | Farm |
| 16:46 | Build | Farm |
| 17:33 | Queue | Villager (Male) |
| 17:33 | Queue | Villager (Male) |
| 17:35 | Build | Farm |
| 17:35 | Build | Farm |
| 17:35 | Build | Farm |
| 17:35 | Build | Farm |
| 17:36 | Queue | Villager (Male) |
| 18:00 | Queue | Villager (Male) |
| 18:03 | Build | Lumber Camp |
| 18:05 | Queue | Villager (Male) |
| 18:35 | Build | Farm |
| 18:36 | Build | Farm |
| 18:36 | Build | Farm |
| 18:44 | Build | House |
| 19:07 | Queue | Villager (Male) |
| 19:10 | Build | Farm |
| 19:10 | Build | Farm |
| 19:10 | Build | Farm |
| 19:53 | Queue | Scout Cavalry |
| 19:54 | Queue | Scout Cavalry |
| 19:59 | Queue | Spearman |
| 20:01 | Queue | Villager (Male) |
| 20:23 | Queue | Villager (Male) |
| 20:23 | Queue | Villager (Male) |
| 20:27 | Queue | Spearman |
| 21:00 | Build | Farm |
| 21:02 | Queue | Villager (Male) |
| 21:17 | Research | Castle Age |
| 21:20 | Build | Stable |
| 22:23 | Build | Stable |
Build order — [DM] lFireBlack
First 150 of 157 actions detected
| 0:02 | Queue | Villager (Male) |
| 0:02 | Queue | Villager (Male) |
| 0:02 | Queue | Villager (Male) |
| 0:03 | Queue | Villager (Male) |
| 0:04 | Build | House |
| 0:05 | Build | House |
| 1:27 | Queue | Villager (Male) |
| 1:27 | Queue | Villager (Male) |
| 2:01 | Build | Settlement |
| 2:03 | Queue | Villager (Male) |
| 2:04 | Queue | Villager (Male) |
| 2:22 | Queue | Villager (Male) |
| 2:56 | Queue | Villager (Male) |
| 2:56 | Queue | Villager (Male) |
| 3:21 | Queue | Villager (Male) |
| 3:21 | Queue | Villager (Male) |
| 3:42 | Queue | Villager (Male) |
| 3:42 | Queue | Villager (Male) |
| 3:53 | Build | House |
| 4:10 | Queue | Villager (Male) |
| 4:10 | Queue | Villager (Male) |
| 4:30 | Queue | Villager (Male) |
| 4:30 | Queue | Villager (Male) |
| 4:31 | Build | House |
| 5:00 | Build | Palisade Wall |
| 5:28 | Queue | Villager (Male) |
| 5:28 | Queue | Villager (Male) |
| 5:38 | Build | Settlement |
| 5:43 | Build | Palisade Wall |
| 6:14 | Build | Palisade Wall |
| 6:15 | Build | Palisade Wall |
| 6:16 | Build | Palisade Wall |
| 6:19 | Queue | Villager (Male) |
| 6:20 | Queue | Villager (Male) |
| 6:20 | Queue | Villager (Male) |
| 6:46 | Queue | Villager (Male) |
| 6:58 | Research | Loom |
| 6:58 | Research | Loom |
| 7:31 | Research | Loom |
| 7:31 | Queue | Villager (Male) |
| 7:32 | Queue | Villager (Male) |
| 7:33 | Queue | Villager (Male) |
| 7:59 | Research | Feudal Age |
| 7:59 | Research | Feudal Age |
| 8:07 | Build | Settlement |
| 8:23 | Build | House |
| 8:27 | Build | House |
| 8:54 | Build | House |
| 8:58 | Build | Palisade Wall |
| 9:40 | Queue | Villager (Male) |
| 9:40 | Queue | Villager (Male) |
| 9:43 | Build | Barracks |
| 10:09 | Age | Feudal Age |
| 10:14 | Build | Palisade Wall |
| 10:22 | Queue | Villager (Male) |
| 10:27 | Research | Horse Collar |
| 10:33 | Research | Double-Bit Axe |
| 10:33 | Research | Double-Bit Axe |
| 11:10 | Queue | Spearman |
| 11:13 | Build | Palisade Wall |
| 11:14 | Build | Palisade Wall |
| 11:19 | Queue | Spearman |
| 11:22 | Queue | Villager (Male) |
| 11:25 | Build | Farm |
| 11:28 | Build | Farm |
| 11:32 | Build | House |
| 11:45 | Build | Farm |
| 11:46 | Queue | Villager (Male) |
| 12:00 | Queue | Villager (Male) |
| 12:13 | Build | Farm |
| 12:16 | Queue | Spearman |
| 12:35 | Queue | Villager (Male) |
| 12:38 | Build | Farm |
| 12:42 | Queue | Spearman |
| 12:52 | Build | Farm |
| 12:59 | Queue | Villager (Male) |
| 13:00 | Queue | Villager (Male) |
| 13:09 | Build | Farm |
| 13:10 | Queue | Villager (Male) |
| 13:51 | Build | Barracks |
| 13:55 | Queue | Villager (Male) |
| 13:56 | Queue | Villager (Male) |
| 14:01 | Build | Farm |
| 14:16 | Build | House |
| 14:27 | Build | Farm |
| 14:28 | Queue | Villager (Male) |
| 14:33 | Queue | Spearman |
| 14:33 | Queue | Spearman |
| 14:48 | Research | Tech 1402 |
| 14:49 | Research | Tech 1402 |
| 14:53 | Queue | Villager (Male) |
| 14:59 | Build | Farm |
| 15:06 | Queue | Unit 2550 ×4 |
| 15:16 | Build | Farm |
| 15:23 | Build | House |
| 15:24 | Build | Palisade Wall |
| 15:33 | Queue | Villager (Male) |
| 15:35 | Build | Farm |
| 15:50 | Build | House |
| 15:52 | Build | Palisade Wall |
| 16:03 | Build | House |
| 16:04 | Queue | Unit 2550 ×5 |
| 16:08 | Build | Farm |
| 16:12 | Queue | Villager (Male) |
| 16:12 | Queue | Villager (Male) |
| 16:28 | Queue | Villager (Male) |
| 16:36 | Build | Blacksmith |
| 16:40 | Queue | Unit 2550 ×2 |
| 16:49 | Build | Farm |
| 16:58 | Build | House |
| 17:04 | Build | House |
| 17:05 | Queue | Unit 2550 ×2 |
| 17:07 | Build | Farm |
| 17:12 | Queue | Villager (Male) |
| 17:12 | Queue | Villager (Male) |
| 17:12 | Queue | Villager (Male) |
| 17:21 | Build | House |
| 17:25 | Build | Palisade Wall |
| 17:25 | Build | Palisade Wall |
| 17:35 | Build | Palisade Wall |
| 17:36 | Research | Scale Mail Armor |
| 17:36 | Research | Scale Mail Armor |
| 17:39 | Queue | Unit 2550 |
| 17:50 | Build | Farm |
| 18:08 | Queue | Villager (Male) |
| 18:08 | Queue | Villager (Male) |
| 18:20 | Build | Market |
| 18:22 | Build | House |
| 18:28 | Build | House |
| 18:29 | Build | Palisade Wall |
| 18:34 | Queue | Villager (Male) |
| 18:37 | Build | Farm |
| 18:44 | Build | House |
| 18:53 | Queue | Villager (Male) |
| 18:56 | Build | Farm |
| 19:10 | Research | Forging |
| 19:10 | Research | Forging |
| 19:20 | Queue | Villager (Male) |
| 19:29 | Build | Farm |
| 19:36 | Research | Wheelbarrow |
| 19:46 | Queue | Unit 2550 ×2 |
| 20:03 | Build | Farm |
| 20:19 | Build | Farm |
| 20:41 | Build | Barracks |
| 20:47 | Research | Arson |
| 20:48 | Research | Arson |
| 21:08 | Queue | Unit 2550 ×5 |
| 21:13 | Build | Palisade Gate |
| 21:18 | Research | Horse Collar |
| 21:18 | Research | Horse Collar |
Match timeline
| 5:00 | [DM] lFireBlack · wall_segment Palisade Wall x3 |
| 5:43 | [DM] lFireBlack · wall_segment Palisade Wall x8 |
| 6:14 | [DM] lFireBlack · wall_segment Palisade Wall x4 |
| 6:15 | [DM] lFireBlack · wall_segment Palisade Wall x1 |
| 6:16 | [DM] lFireBlack · wall_segment Palisade Wall x1 |
| 6:39 | SeñorLeyenda#561 · wall_segment Palisade Wall x3 |
| 6:46 | SeñorLeyenda#561 · wall_segment Palisade Wall x5 |
| 6:48 | SeñorLeyenda#561 · wall_segment Palisade Wall x1 |
| 6:52 | SeñorLeyenda#561 · wall_segment Palisade Wall x7 |
| 7:54 | LMG_Leonardo · first_building Barracks |
| 8:10 | LMG_SON SABANDIJAS · first_building Barracks |
| 8:15 | LMG_HERA DE TEMU · first_building Barracks |
| 8:26 | [WWW - KT] Er MaRdiTho! · first_building Barracks |
| 8:29 | [WWW - KT] Er MaRdiTho! · wall_segment Palisade Wall x3 |
| 8:51 | SeñorLeyenda#561 · wall_segment Palisade Wall x8 |
| 8:58 | [DM] lFireBlack · wall_segment Palisade Wall x7 |
| 9:07 | LMG_Leonardo · age_up feudal |
| 9:08 | LMG_Leonardo · first_building Stable |
| 9:12 | LMG_Leonardo · wall_segment Palisade Wall x1 |
| 9:16 | LMG_SON SABANDIJAS · age_up feudal |
| 9:19 | LMG_SON SABANDIJAS · first_building Stable |
| 9:25 | LMG_HERA DE TEMU · age_up feudal |
| 9:26 | [WWW - KT] Er MaRdiTho! · wall_segment Palisade Wall x1 |
| 9:28 | LMG_HERA DE TEMU · first_building Archery Range |
| 9:32 | [WWW - KT] Er MaRdiTho! · wall_segment Palisade Wall x4 |
| 9:33 | [WWW - KT] Er MaRdiTho! · wall_segment Palisade Wall x1 |
| 9:36 | SeñorLeyenda#561 · first_building Barracks |
| 9:37 | LMG_HERA DE TEMU · wall_segment Palisade Wall x10 |
| 9:43 | [DM] lFireBlack · first_building Barracks |
| 9:48 | [WWW - KT] Er MaRdiTho! · age_up feudal |
| 9:49 | LMG_Leonardo · wall_segment Palisade Wall x7 |
| 9:50 | [WWW - KT] Er MaRdiTho! · first_building Stable |
| 9:51 | LMG_HERA DE TEMU · wall_segment Palisade Wall x11 |
| 10:05 | [WWW - KT] Er MaRdiTho! · wall_segment Palisade Wall x1 |
| 10:07 | [WWW - KT] Er MaRdiTho! · wall_segment Palisade Wall x1 |
| 10:08 | [WWW - KT] Er MaRdiTho! · wall_segment Palisade Wall x1 |
| 10:09 | [DM] lFireBlack · age_up feudal |
| 10:09 | [WWW - KT] Er MaRdiTho! · wall_segment Palisade Wall x1 |
| 10:10 | LMG_HERA DE TEMU · wall_segment Palisade Wall x8 |
| 10:11 | [WWW - KT] Er MaRdiTho! · wall_segment Palisade Wall x1 |
| 10:14 | [DM] lFireBlack · wall_segment Palisade Wall x1 |
| 10:18 | LMG_Leonardo · wall_segment Palisade Wall x4 |
| 10:21 | LMG_SON SABANDIJAS · wall_segment Palisade Wall x9 |
| 10:24 | LMG_Leonardo · wall_segment Palisade Wall x16 |
| 10:40 | LMG_Leonardo · wall_segment Palisade Wall x11 |
| 10:42 | LMG_Leonardo · wall_segment Palisade Wall x8 |
| 11:13 | [DM] lFireBlack · wall_segment Palisade Wall x1 |
| 11:14 | [DM] lFireBlack · wall_segment Palisade Wall x1 |
| 11:31 | LMG_HERA DE TEMU · wall_segment Palisade Wall x6 |
| 11:32 | SeñorLeyenda#561 · age_up feudal |
| 11:37 | SeñorLeyenda#561 · first_building Archery Range |
| 11:44 | LMG_HERA DE TEMU · wall_segment Palisade Wall x6 |
| 12:05 | LMG_HERA DE TEMU · wall_segment Palisade Wall x10 |
| 12:37 | LMG_SON SABANDIJAS · wall_segment Palisade Wall x9 |
| 12:47 | LMG_Leonardo · wall_segment Palisade Wall x1 |
| 13:55 | [WWW - KT] Er MaRdiTho! · wall_segment Palisade Wall x8 |
| 14:56 | [WWW - KT] Er MaRdiTho! · wall_segment Palisade Wall x7 |
| 14:57 | LMG_SON SABANDIJAS · wall_segment Palisade Wall x3 |
| 15:02 | LMG_SON SABANDIJAS · wall_segment Palisade Wall x15 |
| 15:06 | LMG_Leonardo · wall_segment Palisade Wall x3 |
| 15:07 | LMG_Leonardo · wall_segment Palisade Wall x6 |
| 15:24 | [DM] lFireBlack · wall_segment Palisade Wall x1 |
| 15:52 | [DM] lFireBlack · wall_segment Palisade Wall x6 |
| 15:58 | LMG_SON SABANDIJAS · wall_segment Palisade Wall x11 |
| 17:25 | [DM] lFireBlack · wall_segment Palisade Wall x7 |
| 17:25 | [DM] lFireBlack · wall_segment Palisade Wall x1 |
| 17:29 | LMG_Leonardo · first_building Archery Range |
| 17:35 | [DM] lFireBlack · wall_segment Palisade Wall x9 |
| 18:21 | [WWW - KT] Er MaRdiTho! · wall_segment Palisade Wall x2 |
| 18:29 | [DM] lFireBlack · wall_segment Palisade Wall x3 |
| 19:17 | [WWW - KT] Er MaRdiTho! · wall_segment Palisade Wall x5 |
| 20:53 | [WWW - KT] Er MaRdiTho! · wall_segment Palisade Wall x1 |
| 20:54 | [WWW - KT] Er MaRdiTho! · wall_segment Palisade Wall x1 |
| 20:55 | [WWW - KT] Er MaRdiTho! · wall_segment Palisade Wall x1 |
| 21:12 | [WWW - KT] Er MaRdiTho! · wall_segment Palisade Wall x1 |
| 21:13 | [WWW - KT] Er MaRdiTho! · wall_segment Palisade Wall x1 |
| 21:14 | [WWW - KT] Er MaRdiTho! · wall_segment Palisade Wall x1 |
| 21:16 | [WWW - KT] Er MaRdiTho! · wall_segment Palisade Wall x1 |
| 21:21 | [WWW - KT] Er MaRdiTho! · wall_segment Palisade Wall x1 |
| 21:22 | [WWW - KT] Er MaRdiTho! · wall_segment Palisade Wall x1 |
| 21:23 | [WWW - KT] Er MaRdiTho! · wall_segment Palisade Wall x1 |
| 21:56 | [DM] lFireBlack · wall_segment Palisade Wall x1 |
| 21:57 | [DM] lFireBlack · wall_segment Palisade Wall x1 |
| 22:09 | [WWW - KT] Er MaRdiTho! · resign |
| 22:28 | LMG_HERA DE TEMU · age_up castle |
| 22:56 | LMG_Leonardo · age_up castle |
| 22:58 | LMG_HERA DE TEMU · first_building Siege Workshop |
| 23:58 | LMG_SON SABANDIJAS · age_up castle |
| 25:32 | SeñorLeyenda#561 · age_up castle |
| 28:32 | LMG_Leonardo · first_building Monastery |
| 34:08 | LMG_SON SABANDIJAS · first_market_buy 100 stone |
| 34:10 | LMG_SON SABANDIJAS · first_market_sell 100 food |
| 34:18 | LMG_SON SABANDIJAS · first_building Castle |
| 35:18 | LMG_HERA DE TEMU · tribute_sent a jugador 1 |
| 35:18 | LMG_HERA DE TEMU · tribute_sent a jugador 2 |
| 35:18 | LMG_HERA DE TEMU · tribute_sent a jugador 3 |
| 35:18 | LMG_HERA DE TEMU · tribute_sent a jugador 4 |
| 35:18 | LMG_HERA DE TEMU · tribute_sent a jugador 5 |
| 36:36 | LMG_HERA DE TEMU · first_market_buy 100 food |
| 36:40 | LMG_HERA DE TEMU · first_building Monastery |
| 38:47 | LMG_SON SABANDIJAS · age_up imperial |
[ AI ANALYSIS · 1 CREDIT ]
What really happened in this match?
Wolo.gg analyzes every decision: build order, eco, micro, common mistakes by bracket. Personalized analysis on WhatsApp or Discord in 30 seconds.
Civ guide
Mongols
Perfil
Jugador #12168959